 Dungeon Crawl Stone Soup version 0.28.0-1-gb440e238dd (webtiles) character file.

Game seed: 12754840542149466857

111 ZiggyNorton the Chopper (level 4, 0/41 HPs)
             Began as a Hill Orc Berserker on Jan 29, 2022.
             Was a Believer of Trog.
             Slain by Grinder (4 damage)
             ... on level 3 of the Dungeon on Feb 27, 2022.
             The game lasted 00:12:47 (3404 turns).

ZiggyNorton the Chopper (Hill Orc Berserker)        Turns: 3404, Time: 00:12:48

Health: 0/41       AC:  6    Str: 21    XL:     4   Next: 92%
Magic:  4/4        EV: 10    Int:  7    God:    Trog [**....]
Gold:   98         SH:  0    Dex: 10    Spells: 3/3 levels left

rFire   . . .      SeeInvis .   a - +0 hand axe
rCold   . . .      Faith    .   (no shield)
rNeg    . . .      Spirit   .   s - +0 scale mail
rPois   .          Reflect  .   (no helmet)
rElec   .          Harm     .   (no cloak)
rCorr   .          Rampage  .   (no gloves)
Will    .....                   (no boots)
Stlth   ..........              (no amulet)
HPRegen 0.13/turn               (no ring)
MPRegen 0.09/turn               (no ring)

@: on berserk cooldown, slowed, very slow
A: no striking features
a: Renounce Religion, Berserk, Trog's Hand


You were on level 3 of the Dungeon.
You worshipped Trog.
Trog was pleased with you.
You visited 1 branch of the dungeon, and saw 3 of its levels.

You collected 98 gold pieces.

Inventory:

Hand Weapons
 a - a +0 hand axe (weapon)
 c - a +0 dagger
 e - a +0 club
 f - a +0 whip
 r - a +2 hunting sling of flaming
 u - a +0 war axe
Missiles
 j - 48 bolts
 l - 94 stones (quivered)
Armour
 b - a +0 animal skin
 g - a +0 ring mail
 m - a +0 robe
 p - a +0 robe
 s - a +0 scale mail (worn)
Wands
 q - a wand of charming (6)
Scrolls
 k - a scroll of enchant armour {unknown}
 t - a scroll of identify {unknown}
 v - a scroll of immolation {unknown}
Potions
 d - 2 potions of curing
 h - 2 potions of attraction {unknown}
 i - a potion of haste {unknown}
 n - a potion of cancellation {unknown}
 o - a potion of berserk rage {unknown}


   Skills:
 + Level 4.9 Fighting
 + Level 5.5 Axes
 + Level 2.3 Armour
 + Level 2.0 Dodging
 + Level 0.5 Stealth


You had 3 spell levels left.
You didn't know any spells.
Your spell library was empty.

Dungeon Overview and Level Annotations

Branches:
Dungeon (3/15)

Altars:
Elyvilon

Annotations:
D:3 Grinder


Message History

Grinder is moderately wounded.
Grinder hits you but does no damage.
You barely miss Grinder.
Grinder is moderately wounded.
Grinder hits you.
You writhe in agony.
You slash Grinder!
Grinder is heavily wounded.
Grinder hits you.
You writhe in agony.
You closely miss Grinder.
Grinder is heavily wounded.
You closely miss Grinder.
Grinder is heavily wounded.
Grinder hits you.
You writhe in agony.
You barely miss Grinder.
Grinder is heavily wounded.
Grinder gestures at you.
You suddenly lose the ability to move!
Grinder gestures at you.
You barely resist. Grinder hits you.
You writhe in agony.
Grinder gestures at you. Pain shoots through your body!
Grinder gestures at you. You resist with significant effort. Grinder hits you!
You writhe in agony.
* * * LOW HITPOINT WARNING * * *
Grinder gestures at you.
You shrug off the repeated paralysis!
You are no longer berserk.
You feel yourself slow down. Grinder hits you but does no damage.
You can move again.
It was a potion of curing.
You feel better. Grinder hits you.
You writhe in agony.
* * * LOW HITPOINT WARNING * * *
You barely miss Grinder.
Grinder is heavily wounded.
Grinder hits you but does no damage. Grinder hits you.
* * * LOW HITPOINT WARNING * * *
You writhe in agony.
You die...

.# ...................
.# ###########.######.
.# ######........# .#
#..........#..# .#
#.####.###.#..# .##
#.#.####..<#....####
..................>.....
.######.####.......#.#
... ...# #..##@5.#.#
..## #..# #..#......#
..# #..####..#......#
..####..#.....#.....##
............#.#.....#
............#........
............#########.
..#....)#.#...## .#
..#.###.#.# ...#


You could see Grinder.

Vanquished Creatures
  4 adders
  2 adder skeletons (D:3)
  3 dart slugs
  5 bats
  10 endoplasms
  A giant cockroach (D:1)
  7 goblins
  3 hobgoblins (D:1)
  6 kobolds
  4 quokkas
  5 ball pythons
  4 frilled lizards
  3 rats
57 creatures vanquished.

Notes
Turn   | Place    | Note
-------+----------+-------------------------------------------
     0 | D:1      | ZiggyNorton the Hill Orc Berserker began the quest for the
                  | Orb.
     0 | D:1      | Reached XP level 1. HP: 19/19 MP: 1/1
   275 | D:1      | Reached XP level 2. HP: 27/27 MP: 2/2
   710 | D:1      | Reached XP level 3. HP: 33/33 MP: 3/3
   871 | D:1      | Reached ** piety under Trog
  1669 | D:2      | Reached XP level 4. HP: 18/41 MP: 4/4
  1909 | D:2      | Reached skill level 5 in Axes
  2216 | D:2      | Found a white marble altar of Elyvilon.
  2293 | D:2      | Upgraded the game from 0.28-b1-1-g3c77fb2ed1 to
                  | 0.28.0-1-gb440e238dd
  3384 | D:3      | Noticed Grinder
  3395 | D:3      | Paralysed by Grinder for 7 turns
  3404 | D:3      | Slain by Grinder

Illustrated notes

Levels and vault maps discovered:
D:1:      amcnicky_arrival_feature_with_door, layout_loops_ring
D:2:      layout_loops_ring, kennysheep_flooded_box, minmay_misc_feat_doors,
          serial_park_tiny_2, kennysheep_crisscross
D:3:      layout_basic, minmay_close_crescents, uniq_grinder

Skill      XL: |  1  2  3  4 |
---------------+-------------+-----
Fighting       | 4 |  4.9
Axes           | 5 |  5.5
Dodging        | 2 |  2.0
Armour         | |  2.3
Stealth        | |  0.5

Action                   |  1- 3 |  4- 6 || total
-------------------------+-------+-------++-------
Melee: Hand axe          |   106 |    78 ||   184
       Punch             |       |     1 ||     1
Invok: Berserk           |       |     2 ||     2
  Use: Potion            |       |     1 ||     1
 Stab: Sleeping          |     1 |       ||     1
Armor: Animal skin       |     9 |    12 ||    21
       Scale mail        |       |     7 ||     7
Dodge: Dodged            |    71 |    34 ||   105
